 Dungeon Crawl Stone Soup version 0.31-a0-18-gea43df2a32 (webtiles) character file.

Game seed: 18440117968079770908

21 Rocko1345 the Covered (level 3, 0/29 HPs)
             Began as a Human Fighter on May 11, 2023.
             Succumbed to a goblin's poison
             ... on level 1 of the Dungeon.
             The game lasted 00:01:32 (517 turns).

Rocko1345 the Covered (Human Fighter)                Turns: 517, Time: 00:01:32

Health: 0/29       AC: 13    Str: 18    XL:     3   Next: 5%
Magic:  3/3        EV:  9    Int:  8    God:
Gold:   35         SH:  4    Dex: 12    Spells: 2/2 levels left

rFire   . . .        f - +2 trident (protect)
rCold   . . .        c - +0 buckler
rNeg    . . .        b - +0 scale mail
rPois   .            (no helmet)
rElec   .            (no cloak)
rCorr   .            (no gloves)
SInv    .            (no boots)
Will    .....        (no amulet) Stlth
                     (no ring)
HPRegen 0.24/turn    (no ring)
MPRegen 0.08/turn

%: no passive effects
@: mighty, lethally poisoned (0 -> -5), under a protective aura
A: no striking features
a: no special abilities


You were on level 1 of the Dungeon.
You visited 1 branch of the dungeon, and saw 1 of its levels.

You collected 35 gold pieces.

Inventory:

Hand Weapons
 a - a +0 long sword
 f - a +2 trident of protection (weapon)
Armour
 b - a +0 scale mail (worn)
 c - a +0 buckler (worn)
Scrolls
 e - a scroll of enchant weapon {unknown}


   Skills:
 + Level 3.2 Fighting
 + Level 2.3 Long Blades
 + Level 0.0 Polearms
 * Level 3.3 Armour
 + Level 3.2 Shields


You had 2 spell levels left.
You didn't know any spells.
Your spell library was empty.

Dungeon Overview and Level Annotations

Branches:
Dungeon (1/15)

Altars:


Message History

You feel very sick. You block the goblin's attack.
The frilled lizard closely misses you.
You miss the frilled lizard.
You feel sick.
The frilled lizard bites you but does no damage.
The goblin completely misses you. The goblin hits you but does no damage.
You are more poisoned.
You block the frilled lizard's attack.
You barely miss the frilled lizard.
You feel very sick. The goblin closely misses you.
The frilled lizard completely misses you.
You miss the frilled lizard.
You feel sick.
The frilled lizard bites you but does no damage.
The goblin barely misses you.
You closely miss the frilled lizard.
You feel sick. The frilled lizard bites you.
The goblin hits you but does no damage.
You are more poisoned.
You block the goblin's attack. The frilled lizard bites you.
You hit the frilled lizard.
Your weapon exudes an aura of protection.
You kill the frilled lizard!
You feel very sick. The goblin hits you but does no damage.
You are lethally poisoned!
* * * LOW HITPOINT WARNING * * *
You feel very sick. The goblin attacks as you move away!
You block the goblin's attack.
* * * LOW HITPOINT WARNING * * *
You feel sick.
You feel very mighty all of a sudden.
* * * LOW HITPOINT WARNING * * *
You feel very sick. The goblin completely misses you.
You closely miss the goblin.
* * * LOW HITPOINT WARNING * * *
You feel sick. You block the goblin's attack.
You puncture the goblin!
Your weapon exudes an aura of protection.
You kill the goblin!
You die...

....................
..#..####...##......††. .
.#.. #...##......... ..
... #...##......... ##. ..
.#...####.....## #...
##.##.#...# #.###.## #....
)....#.#.####.# #.##
#.....##.###.#.#..^.# #.##
#.....†.)@..)#.##.#####.#
#......#.#.....##..)..#.#
#......#.#.#.####..##.#.#
#......#.#.#..........#.#
##.#...#.#.#........#.#'##
# #..##.#.#.######.#.....
... #.#.#.##..###......
##.# #.#....#....###....
######......#####


There were no monsters in sight!

Vanquished Creatures
  A dart slug (D:1)
  A ball python (D:1)
  3 endoplasms (D:1)
  A hobgoblin (D:1)
  4 jackals (D:1)
  2 bats (D:1)
  A frilled lizard (D:1)
  3 goblins (D:1)
  A kobold (D:1)
  2 rats (D:1)
19 creatures vanquished.

Notes
Turn   | Place    | Note
-------+----------+-------------------------------------------
     0 | D:1      | Rocko1345 the Human Fighter began the quest for the Orb.
     0 | D:1      | Reached XP level 1. HP: 18/18 MP: 1/1
   194 | D:1      | Reached XP level 2. HP: 24/24 MP: 2/2
   415 | D:1      | Reached XP level 3. HP: 23/29 MP: 3/3
   517 | D:1      | Succumbed to a goblin's poison

Illustrated notes

Levels and vault maps discovered:
D:1:      lemuel_arrival_funnel, layout_basic

Action                     || total
---------------------------++-------
  Melee: Long sword        ||    40
         Trident           ||    11
    Use: Potion            ||     1
 Armour: Scale mail        ||    46
  Dodge: Dodged            ||    37
  Block: Buckler           ||    19

Table legend: (Time is in decaauts)
 A = Elapsed time spent in this place.
 B = Non-inter-level travel time spent in this place.
 C = Inter-level travel time spent in this place.
 D = Time resting spent in this place.
 E = Time spent auto-exploring this place.
 F = Levels seen in this place.
 G = Mean time per level.
                   A        B        C        D        E       F      G
               +--------+--------+--------+--------+--------+-----+--------+
         Total |    533 |    533 |      0 |    186 |    169 |   1 |  533.0 |
       Dungeon |    533 |    533 |      0 |    186 |    169 |   1 |  533.0 |
               +--------+--------+--------+--------+--------+-----+--------+

Top non-repeatable levels by time:
     D:1: 533 daAuts
